 Dungeon Crawl Stone Soup version 0.26-a0-720-g2a1d101370 (console) character file.

Game seed: 14711965263806687170

891 om the Chopper (level 7, -10/59 HPs)
             Began as a Minotaur Monk on Nov 2, 2020.
             Killed from afar by a wretched star (18 damage)
             ... with a lance of force
             ... on level 1 of the Abyss.
             The game lasted 00:10:26 (5750 turns).

om the Chopper (Minotaur Monk)                      Turns: 5750, Time: 00:10:26

Health: -10/59     AC: 11    Str: 17    XL:     7   Next: 77%
Magic:  0/6        EV: 14    Int:  7    God:
Gold:   354        SH:  0    Dex: 13    Spells: 6/6 levels left

rFire    . . .     SeeInvis .   v - -2 hand axe (curse)
rCold    . . .     Faith    .   (no shield)
rNeg     . . .     Spirit   +   l - +0 chain mail
rPois    .         Reflect  .   (helmet restricted)
rElec    .         Harm     .   (no cloak)
rCorr    .         Rampage  .   (no gloves)
MR       .....                  h - +0 pair of boots
Stlth    ..........             e - amulet of guardian spirit
HPRegen  0.19/turn              q - +4 ring of evasion
MPRegen  0.10/turn              (no ring)

@: no status effects
A: retaliatory headbutt, horns 2, [blurry vision 2]
a: no special abilities


You were on level 1 of the Abyss.
You visited 1 branch of the dungeon, and saw 5 of its levels.
You visited the Abyss 1 time.

You collected 354 gold pieces.

Inventory:

Hand Weapons
 g - the +10 hunting sling of Sin {freeze, rC- MR++ Str+5, unknown}
   (You found it on level 5 of the Dungeon)

   It causes projectiles fired from it to freeze those they strike, causing
   extra injury to most foes and up to half again as much damage against
   particularly susceptible opponents.
   They can also slow down cold-blooded creatures.
   It affects your strength (+5).
   It makes you vulnerable to cold.
   It affects your resistance to hostile enchantments.
 n - a +0 war axe of distortion
 v - a cursed -2 hand axe (weapon)
Armour
 h - a +0 pair of boots (worn)
 l - a +0 chain mail (worn)
Jewellery
 e - an amulet of guardian spirit (around neck)
 q - a +4 ring of evasion (left hand)
 u - an uncursed ring of poison resistance {unknown}
Scrolls
 c - 2 scrolls of noise {unknown}
 d - 2 scrolls of random uselessness
 f - a scroll of immolation {unknown}
 i - 5 scrolls of teleportation
 j - a scroll of remove curse {unknown}
 k - 3 scrolls of enchant weapon {unknown}
 r - 2 scrolls of fog {unknown}
 t - a scroll of blinking {unknown}
Potions
 a - a potion of berserk rage {unknown}
 b - 2 potions of lignification
 m - a potion of resistance {unknown}
 o - 2 potions of might
 p - 4 potions of heal wounds
 w - 2 potions of curing {unknown}
 x - a potion of haste {unknown}


   Skills:
 - Level 4.0 Fighting
 * Level 7.2 Axes
 - Level 6.0 Armour
 - Level 6.0 Dodging
 - Level 2.0 Stealth


You had 6 spell levels left.
You didn't know any spells.
Your spell library was empty.

Dungeon Overview and Level Annotations

Branches:
Dungeon (5/15)
 Temple: D:4-7

Altars:
Ashenzari
Hepliaklqana
Ru
Uskayaw
Vehumet
Wu Jian

Annotations:
D:5 exclusion: statue


Innate Abilities, Weirdness & Mutations

You reflexively headbutt those who attack you in melee.
You have a pair of horns on your head.
[Scrolls take you longer to read.]


Message History

The thrashing horror tramples you but does no damage.
The thrashing horror barely misses you.
You hit the thrashing horror but do no damage.
Your headbutt misses the thrashing horror.
The thrashing horror closely misses you. x2
The thrashing horror tramples you but does no damage.
The thrashing horror completely misses you.
You completely miss the thrashing horror.
The thrashing horror misses you.
The thrashing horror tramples you but does no damage.
The wretched star pulses with an eldritch light!
Your vision blurs. x2
The thrashing horror roars!
The thrashing horror tramples you.
* * * LOW HITPOINT WARNING * * *
You hold your ground!
The thrashing horror tramples you but does no damage.
The wretched star glows turbulently.
The lance of force hits you!!
You die...

# *. . #.##.#. #
....# # #..#...
#.##. ..# # #.# #.
.#.# . ..#.
##.#.##...
#.#.##.#.....#
#.#..X...##....
#.####.###.######
##
..........@*.......
##.####.##########.
... .. .. . ..
..#####.## ### '
.... ..... .# #
.... ..## ####.
#.####.# ## ## . .#
### #.# ## #.. . ..
##.#### .


You could see a wretched star and a thrashing horror.

Vanquished Creatures
  Sigmund (D:4)
  An ice beast (D:3)
  An ogre (D:4)
  A scorpion (D:4)
  A jelly (D:3)
  3 orc wizards
  An orc priest (D:3)
  An iguana (D:5)
  Natasha (twice) (D:3)
  4 worker ants
  A hound skeleton (D:2)
  Robin (D:2)
  6 adders
  A white imp (D:4)
  2 ufetubi
  2 worms
  A dart slug (D:1)
  2 leopard geckos (D:2)
  7 orcs (D:3)
  2 ball pythons (D:2)
  6 bats
  2 giant cockroaches
  9 goblins
  16 hobgoblins
  3 jackals (D:3)
  11 kobolds
  A quokka (D:2)
  3 frilled lizards
  A jackal zombie (D:5)
  11 rats
104 creatures vanquished.

Notes
Turn   | Place    | Note
-------+----------+-------------------------------------------
     0 | D:1      | om the Minotaur Monk began the quest for the Orb.
     0 | D:1      | Reached XP level 1. HP: 19/19 MP: 0/0
   605 | D:1      | Reached XP level 2. HP: 23/27 MP: 1/1
   950 | D:1      | Reached skill level 1 in Armour
  1269 | D:1      | Reached skill level 4 in Axes
  1641 | D:2      | Reached XP level 3. HP: 26/33 MP: 2/2
  2180 | D:2      | Reached XP level 4. HP: 35/40 MP: 3/3
  2388 | D:2      | Found a sacrificial altar of Ru.
  2646 | D:2      | Noticed Robin
  2656 | D:2      | Reached skill level 5 in Axes
  2666 | D:2      | Killed Robin
  2666 | D:2      | Reached XP level 5. HP: 29/46 MP: 1/4
  3381 | D:3      | Found a hide-covered altar of Uskayaw.
  3443 | D:3      | Found a broken altar of Ashenzari.
  3530 | D:3      | Noticed Natasha
  3538 | D:3      | Killed Natasha
  3663 | D:3      | Reached XP level 6. HP: 50/52 MP: 5/5
  3985 | D:3      | Noticed Natasha
  3986 | D:3      | Noticed an ice beast
  3990 | D:3      | Killed Natasha
  3990 | D:3      | Reached skill level 6 in Axes
  4001 | D:3      | Killed an ice beast
  4001 | D:3      | Reached skill level 5 in Armour
  4329 | D:4      | Reached skill level 5 in Dodging
  4329 | D:4      | Reached XP level 7. HP: 59/59 MP: 6/6
  4697 | D:4      | Noticed Sigmund
  4707 | D:4      | Killed Sigmund
  4886 | D:4      | Found an ornate altar of the Wu Jian Council.
  5055 | D:5      | Entered Level 5 of the Dungeon
  5156 | D:5      | Found a hazy altar of Hepliaklqana.
  5266 | D:5      | Reached skill level 7 in Axes
  5428 | D:5      | Found a radiant altar of Vehumet.
  5687 | D:5      | Got an iridescent hunting sling
  5688 | D:5      | Cast into level 1 of the Abyss (unwielding a weapon of
                  | distortion)
  5736 | Abyss:1  | Noticed a thrashing horror
  5736 | Abyss:1  | Noticed a wretched star
  5750 | Abyss:1  | Killed from afar by a wretched star

Illustrated notes

Levels and vault maps discovered:
D:1:      nagdon_arrival_zigzag_paths, layout_loops_ring, serial_rivers,
          chequers_serial_rivers_micro_a, chequers_serial_rivers_small_3,
          chequers_serial_rivers_micro_e, chequers_serial_rivers_micro_d,
          patterned_corridor
D:2:      minmay_recursive_quarters, layout_basic,
          nicolae_ru_great_annihilating_truth, nicolae_underground_beach,
          uniq_robin
D:3:      layout_basic, overflow_temple_1_default, lemuel_doored_altar,
          uniq_natasha
D:4:      layout_basic, lemuel_coloured_pillars_altar, uniq_sigmund
D:5:      layout_loops_ring, nicolae_overflow_hidden_temple, vehumet_statue
Abyss:1:  base:
D:3

Skill      XL: |  1  2  3  4  5  6  7 |
---------------+----------------------+-----
Armour         | 1 2 3 4 5 6 |  6.0
Axes           | 4 5 6 7 |  7.2
Stealth        | 2 |  2.0
Fighting       | 4 |  4.0
Dodging        | 4 5 6 |  6.0

Action                   |  1- 3 |  4- 6 |  7- 9 || total
-------------------------+-------+-------+-------++-------
Melee: Hand axe          |    71 |    61 |     4 ||   136
       Headbutt          |    10 |    15 |     6 ||    31
       War axe           |       |    60 |    25 ||    85
  Use: Scroll            |       |       |     6 ||     6
 Stab: Sleeping          |     1 |       |       ||     1
       Paralysed         |       |     1 |       ||     1
Armor: Robe              |     8 |       |       ||     8
       Chain mail        |       |    62 |    19 ||    81
Dodge: Dodged            |    57 |    54 |    26 ||   137

Table legend: (Time is in decaauts)
 A = Elapsed time spent in this place.
 B = Non-inter-level travel time spent in this place.
 C = Inter-level travel time spent in this place.
 D = Time resting spent in this place.
 E = Time spent auto-exploring this place.
 F = Levels seen in this place.
 G = Mean time per level.
                   A        B        C        D        E       F      G
               +--------+--------+--------+--------+--------+-----+--------+
         Total |   5795 |   5620 |    175 |   1050 |   3860 |   6 |  965.8 |
       Dungeon |   5734 |   5559 |    175 |   1050 |   3813 |   5 | 1146.8 |
         Abyss |     61 |     61 |      0 |      0 |     47 |   1 |   61.0 |
               +--------+--------+--------+--------+--------+-----+--------+

Top non-repeatable levels by time:
     D:1: 1633 daAuts
     D:2: 1591 daAuts
     D:3: 960 daAuts
     D:4: 913 daAuts
     D:5: 635 daAuts
 Abyss:1: 61 daAuts
